Cogmind - Beta 11.1 @@@ ROGUE MODE // 2022.07.15 @ 18:00:19 Player: Calazard Result: Destroyed by B-86 Titan with Railgun Performance ------------- Evolutions (6) 3000 Regions Visited (13) 2600 Robots Destroyed (32) 160 Value Destroyed (958) 958 Prototype IDs (4) 80 Alien Tech Used (0) 0 Bonus (786) 786 TOTAL SCORE: 7584 Bonus ------- High Alert Combat Kills 86 Entered Garrisons 200 Entered DSFs 500 Cogmind --------- Core Integrity 0/1150 Matter 264/300 Energy 99/100 System Corruption 4% Temperature Cool (0) Movement Core (50) Location -4/Extension Parts ------- > --- POWER (3) -------- (None) > --- PROPULSION (4) --- (None) > --- UTILITY (6) ------ Enhanced Optical Array > --- WEAPON (6) ------- (None) > --- INVENTORY (5) ---- Light Antimatter Reactor Light Antimatter Reactor Light Antimatter Reactor Medium Storage Unit Peak State ------------ > --- POWER ------------ (None) > --- PROPULSION ------- (None) > --- UTILITY ---------- Improved Trap Scanner Improved Signal Interpreter Advanced Targeting Computer System Shield System Shield System Shield > --- WEAPON ----------- Improved Lightning Gun > --- INVENTORY -------- Micro Nuclear Core Angular Momentum Engine Improved Heat Sink Medium Storage Unit Advanced Assault Cannon [Rating: 27] Favorites ----------- Power Light Ion Engine Engine Light Ion Engine Propulsion Light Treads Treads Light Treads Utility System Shield Device Advanced Cryofiber Web Storage Medium Storage Unit Processor Enhanced Optical Array Hackware System Shield Weapon Mini Grenade Launcher Energy Gun Medium Laser Ballistic Gun Assault Rifle Ballistic Cannon Hardcell Cannon Launcher Mini Grenade Launcher Build | -11 -10 -9 -8 -7 -7 -7 -6 -6 -6 -5 -5 -4 -4 ------- Run | Scr Mat Mat Mat Fac Was Fac Fac Gar Fac Fac DSF Fac Ext Slots Evolved 12 | . . 2 2 2 . . 2 . . 2 . 2 . Power 2 | . . . . 1 . . 1 . . . . . . Propulsion 2 | . . . . 1 . . . . . 1 . . . Utility 4 | . . 2 2 . . . . . . . . . . Weapon 4 | . . . . . . . 1 . . 1 . 2 . Parts Attached 37 | 6 6 . 13 . . 1 4 . . 2 . 2 3 Power 2 | 1 . . 1 . . . . . . . . . . Engine 2 | 1 . . 1 . . . . . . . . . . Core . | . . . . . . . . . . . . . . Reactor . | . . . . . . . . . . . . . . Propulsion 6 | 2 . . 4 . . . . . . . . . . Treads 6 | 2 . . 4 . . . . . . . . . . Leg . | . . . . . . . . . . . . . . Wheel . | . . . . . . . . . . . . . . Hover . | . . . . . . . . . . . . . . Flight . | . . . . . . . . . . . . . . Utility 15 | 1 2 . 5 . . 1 2 . . 2 . 2 . Device 4 | . . . . . . . 2 . . 1 . 1 . Storage 2 | 1 1 . . . . . . . . . . . . Processor 4 | . 1 . 1 . . 1 . . . . . 1 . Hackware 5 | . . . 4 . . . . . . 1 . . . Protection . | . . . . . . . . . . . . . . Artifact . | . . . . . . . . . . . . . . Weapon 14 | 2 4 . 3 . . . 2 . . . . . 3 Energy Gun 4 | 1 1 . 1 . . . 1 . . . . . . Energy Cannon . | . . . . . . . . . . . . . . Ballistic Gun 1 | 1 . . . . . . . . . . . . . Ballistic Cannon 5 | . . . 1 . . . 1 . . . . . 3 Launcher 4 | . 3 . 1 . . . . . . . . . . Special Weapon . | . . . . . . . . . . . . . . Impact Weapon . | . . . . . . . . . . . . . . Slashing Weapon . | . . . . . . . . . . . . . . Piercing Weapon . | . . . . . . . . . . . . . . Special Melee Weapon . | . . . . . . . . . . . . . . Unidentified Prototypes 1 | . . . . . . . 1 . . . . . . Parts Lost 18 | . . . 11 . . . . 3 . . 1 . 3 Power 2 | . . . 2 . . . . . . . . . . Propulsion 4 | . . . 4 . . . . . . . . . . Utility 8 | . . . 2 . . . . 3 . . 1 . 2 Weapon 4 | . . . 3 . . . . . . . . . 1 Highest Loss Streak 8 | . . . 8 . . . . 3 . . 1 . 1 To Critical Strikes . | . . . . . . . . . . . . . . Average Slot Usage (%) 45 | . 94 77 82 30 30 35 39 26 20 17 18 11 14 Engine 3 | . 14 11 4 . . . . . . . . . . Treads 8 | . 28 22 15 . . . . . . . . . . Device 1 | . . . . . . . 4 1 . . 2 1 4 Storage 4 | . 14 11 8 . . . . . . . . . . Processor 8 | . 9 11 9 7 7 12 13 13 13 11 5 4 5 Hackware 10 | . . . 31 23 23 23 20 11 6 5 9 5 2 Ballistic Gun 1 | . 8 . . . . . . . . . . . . Ballistic Cannon 1 | . . . 2 . . . . . . . . . 2 Launcher 5 | . 15 22 9 . . . . . . . . . . Naked Turns . | . . . . . . . . . . . . . . Heaviest Build 20 | 12 15 15 20 . . . 6 3 . 1 1 1 11 Greatest Support 40 | 40 40 40 40 3 3 3 3 3 3 3 3 3 3 Greatest Overweight (x) 3 | . . . 3 . . . 1 . . . . . 3 Average Overweight (x) . | . . . . . . . . . . . . . . Largest Inventory Capacity 10 | 8 10 10 10 5 5 5 5 5 5 5 5 5 5 Average Capacity 6 | 7 8 10 9 5 5 5 5 5 5 5 5 5 5 Most Carried 9 | 2 8 9 7 5 5 5 5 5 5 5 5 5 5 Average Carried 4 | 1 6 7 2 4 5 5 4 5 5 4 3 4 4 Final Capacity 10 | 8 10 10 5 5 5 5 5 5 5 5 5 5 5 Final Carried 8 | 2 8 8 1 5 5 5 5 5 5 3 5 5 4 Class Distribution -------------------- 65% | Mutant 34% | Hacker-Mutant Dominant Class ---------------- Mutant | -10/Materials Mutant | -9/Materials Hacker-Mutant | -8/Materials Hacker-Mutant | -7/Factory Hacker-Mutant | -7/Waste Hacker-Mutant | -7/Factory Hacker-Mutant | -6/Factory Mutant | -6/Garrison Mutant | -6/Factory Mutant | -5/Factory Hacker-Mutant | -5/DSF Mutant | -4/Factory Mutant | -4/Extension Resources | -11 -10 -9 -8 -7 -7 -7 -6 -6 -6 -5 -5 -4 -4 ----------- Run | Scr Mat Mat Mat Fac Was Fac Fac Gar Fac Fac DSF Fac Ext Matter Collected 833 | 231 107 68 199 . . . 141 . . . 10 . 77 Remotely . | . . . . . . . . . . . . . . Salvage Created 748 | . 244 181 276 . . . 39 . . . . . 8 Parts 49 | . 19 10 14 . . . 6 . . . . . . Haulers Intercepted . | . . . . . . . . . . . . . . Recyclers Shooed . | . . . . . . . . . . . . . . Parts Field Recycled . | . . . . . . . . . . . . . . Retrieved Matter . | . . . . . . . . . . . . . . Parts Self-Destructed . | . . . . . . . . . . . . . . Prevented . | . . . . . . . . . . . . . . Kills | -11 -10 -9 -8 -7 -7 -7 -6 -6 -6 -5 -5 -4 -4 ------- Run | Scr Mat Mat Mat Fac Was Fac Fac Gar Fac Fac DSF Fac Ext Combat Hostiles Destroyed 20 | . 8 4 7 . . . 1 . . . . . . Guns 4 | . 3 . 1 . . . . . . . . . . Cannons 2 | . . . 1 . . . 1 . . . . . . AOE 13 | . 5 4 4 . . . . . . . . . . Classes Destroyed 10 | . 5 3 1 . . . 1 . . . . . . Worker 1 | . 1 . . . . . . . . . . . . Builder 4 | . 2 . 2 . . . . . . . . . . Recycler 1 | . . 1 . . . . . . . . . . . Operator 3 | . 1 1 . . . . . . . . . . 1 Watcher 3 | . . 1 2 . . . . . . . . . . Swarmer 3 | . 3 . . . . . . . . . . . . Grunt 12 | . 5 2 5 . . . . . . . . . . Brawler 1 | . . . 1 . . . . . . . . . . Sentry 3 | . . 2 1 . . . . . . . . . . Programmer 1 | . . . . . . . 1 . . . . . . Best Kill Streak 8 | . 8 5 5 . . . 1 . . . . . 1 Combat Bots Only 5 | . 5 3 4 . . . 1 . . . . . . Max Kills in Single Turn 3 | . 2 3 2 . . . 1 . . . . . 1 Gunslinging . | . . . . . . . . . . . . . . Exploded 2 | . 2 1 2 . . . . . . . . . . Melee . | . . . . . . . . . . . . . . Uniques/NPCs Destroyed . | . . . . . . . . . . . . . . Combat | -11 -10 -9 -8 -7 -7 -7 -6 -6 -6 -5 -5 -4 -4 -------- Run | Scr Mat Mat Mat Fac Was Fac Fac Gar Fac Fac DSF Fac Ext Damage Taken 5100 | . 332 182 1532 30 . . 82 635 . . 841 369 1097 Core 3309 | . 108 58 532 24 . . 49 589 . . 783 344 822 Absorbed by Shields 76 | . . . . . . . . 76 . . . . . Regen/Repaired (Parts) 120 | . . . 120 . . . . . . . . . . Core Remaining (%) 55 | 100 56 85 3 . . 96 . . 24 . 21 . . Volleys Fired 47 | . 13 6 16 . . . 2 . . . . . 10 Largest 2 | . 2 2 2 . . . 1 . . . . . 1 Hottest 94 | . 70 60 94 . . . 48 . . . . . 65 Shots Fired 75 | . 22 12 29 . . . 2 . . . . . 10 Gun 27 | . 15 . 12 . . . . . . . . . . Cannon 24 | . . . 12 . . . 2 . . . . . 10 Launcher 24 | . 7 12 5 . . . . . . . . . . Special . | . . . . . . . . . . . . . . Kinetic 33 | . 9 . 12 . . . 2 . . . . . 10 Thermal 18 | . 6 . 12 . . . . . . . . . . Explosive 24 | . 7 12 5 . . . . . . . . . . Electromagnetic . | . . . . . . . . . . . . . . Robot Hit Streak 12 | . 3 6 12 . . . 1 . . . . . 5 Robot Miss Streak 3 | . 2 . 3 . . . 1 . . . . . 3 Penetration Max . | . . . . . . . . . . . . . . Secondary Targets . | . . . . . . . . . . . . . . Shots Hit Robots 43 | . 10 5 21 . . . 1 . . . . . 6 Core Hits 45 | . 15 10 16 . . . 1 1 . . . . 2 Critical Kills . | . . . . . . . . . . . . . . Critical Parts Destroyed . | . . . . . . . . . . . . . . Critical Strikes . | . . . . . . . . . . . . . . Melee Attacks . | . . . . . . . . . . . . . . Impact . | . . . . . . . . . . . . . . Slashing . | . . . . . . . . . . . . . . Piercing . | . . . . . . . . . . . . . . Sneak Attacks . | . . . . . . . . . . . . . . Combat Hostiles . | . . . . . . . . . . . . . . Follow-up Attacks . | . . . . . . . . . . . . . . Damage Inflicted 2467 | 2 769 436 889 . . . 38 28 . . . 10 295 Guns 238 | . 114 . 124 . . . . . . . . . . Cannons 509 | . . . 216 . . . 38 . . . . . 255 Explosions 1624 | . 655 425 544 . . . . . . . . . . Melee . | . . . . . . . . . . . . . . Ramming 96 | 2 . 11 5 . . . . 28 . . . 10 40 Kinetic 598 | . 89 . 216 . . . 38 . . . . . 255 Thermal 149 | . 25 . 124 . . . . . . . . . . Explosive 1624 | . 655 425 544 . . . . . . . . . . Electromagnetic . | . . . . . . . . . . . . . . Impact . | . . . . . . . . . . . . . . Slashing . | . . . . . . . . . . . . . . Piercing . | . . . . . . . . . . . . . . Highest Corruption 7 | . . . . . 7 7 . . . . 3 . 4 Average Corruption 3 | . . . . . 7 7 . . . . 3 . 2 Corruption Purged . | . . . . . . . . . . . . . . Corruption Blocked . | . . . . . . . . . . . . . . Effects 10 | . . . . . 1 2 . . . . 1 . 6 Message Errors 2 | . . . . . 1 . . . . . . . 1 Matter Fused 4 | . . . . . . 1 . . . . 1 . 2 Heat Flow Errors 2 | . . . . . . . . . . . . . 2 Data Loss (minor) 2 | . . . . . . 1 . . . . . . 1 Overload Shots . | . . . . . . . . . . . . . . Overflow Damage 167 | . 37 . 87 . . . . . . . . . 43 Projectiles 43 | . . . . . . . . . . . . . 43 Explosions 124 | . 37 . 87 . . . . . . . . . . Melee . | . . . . . . . . . . . . . . Knockbacks 2 | . . . 2 . . . . . . . . . . Impact . | . . . . . . . . . . . . . . Kinetic 2 | . . . 2 . . . . . . . . . . Secondary . | . . . . . . . . . . . . . . Self-Inflicted Damage 132 | . . 96 . . . . . 12 . . . 5 19 Shots 5 | . . 5 . . . . . . . . . . . Rammed 24 | 1 . 5 2 . . . . 8 . . . 2 6 Targets Rammed 24 | 1 . 5 2 . . . . 8 . . . 2 6 Kicked . | . . . . . . . . . . . . . . Crushed . | . . . . . . . . . . . . . . Highest Temperature 318 | . 114 6 318 . . . 289 . . . . . 99 Average Temperature 104 | . 54 3 135 . . . 143 . . . . . 53 Received Heat Transfer 1104 | . 72 63 837 6 . . 18 . . . . 9 99 Siege Activations . | . . . . . . . . . . . . . . Robots Corrupted . | . . . . . . . . . . . . . . Combat Hostiles . | . . . . . . . . . . . . . . Parts Fried . | . . . . . . . . . . . . . . Impact Corruptions . | . . . . . . . . . . . . . . Robots Melted 1 | . . . 1 . . . . . . . . . . Combat Hostiles 1 | . . . 1 . . . . . . . . . . Parts Melted 2 | . . . 2 . . . . . . . . . . Heat Transferred 444 | . 74 . 370 . . . . . . . . . . Parts Sabotaged . | . . . . . . . . . . . . . . Parts Stolen . | . . . . . . . . . . . . . . Parts Stripped . | . . . . . . . . . . . . . . Power Chain Reactions . | . . . . . . . . . . . . . . Missiles Intercepted . | . . . . . . . . . . . . . . Alert | -11 -10 -9 -8 -7 -7 -7 -6 -6 -6 -5 -5 -4 -4 ------- Run | Scr Mat Mat Mat Fac Was Fac Fac Gar Fac Fac DSF Fac Ext Peak Influence 623 | . 396 623 510 278 142 130 138 111 73 49 37 43 109 Initial 262 | . . 167 262 224 97 99 63 96 58 35 37 14 21 Average 169 | . 206 456 413 241 122 124 98 86 71 39 31 27 25 Maximum Alert Level 2 | . 1 2 2 1 . . . . . . . . . Low Security (%) 66 | 100 52 12 . . 100 100 100 100 100 100 100 100 100 Level 1 19 | . 47 22 41 100 . . . . . . . . . Level 2 14 | . . 64 58 . . . . . . . . . . Level 3 . | . . . . . . . . . . . . . . Level 4 . | . . . . . . . . . . . . . . Level 5 . | . . . . . . . . . . . . . . High Security . | . . . . . . . . . . . . . . Max Security . | . . . . . . . . . . . . . . Squads Dispatched 12 | . 1 2 3 1 . . . . . . 1 2 2 Investigation 4 | . . . . 1 . . . . . . . 1 2 Extermination . | . . . . . . . . . . . . . . Reinforcement 6 | . 1 2 1 . . . . . . . 1 1 . Assault . | . . . . . . . . . . . . . . Garrison 2 | . . . 2 . . . . . . . . . . Intercept . | . . . . . . . . . . . . . . Searches Triggered . | . . . . . . . . . . . . . . Construction Impeded 3 | . . 1 1 . . . . . . . . 1 . Haulers Reinforced . | . . . . . . . . . . . . . . Active Scanning Responses . | . . . . . . . . . . . . . . Cargo Convoy Interrupts . | . . . . . . . . . . . . . . Stealth | -11 -10 -9 -8 -7 -7 -7 -6 -6 -6 -5 -5 -4 -4 --------- Run | Scr Mat Mat Mat Fac Was Fac Fac Gar Fac Fac DSF Fac Ext Distress Signals 7 | . 1 . 5 . . . 1 . . . . . . Communications Jammed . | . . . . . . . . . . . . . . Distress Signals . | . . . . . . . . . . . . . . Times Spotted 76 | . 12 7 17 3 5 1 5 7 . . 3 6 10 Peak Tracking Total 7 | . 3 3 7 4 5 1 2 4 . . 3 6 5 Tactical Retreats 8 | . . . 1 . . . 1 2 . . . 1 3 Traps | -11 -10 -9 -8 -7 -7 -7 -6 -6 -6 -5 -5 -4 -4 ------- Run | Scr Mat Mat Mat Fac Was Fac Fac Gar Fac Fac DSF Fac Ext Traps Triggered 4 | . . . . 1 . . . 2 . . . . 1 Indirectly . | . . . . . . . . . . . . . . Trap Hack Attempts . | . . . . . . . . . . . . . . Triggered . | . . . . . . . . . . . . . . Disarmed . | . . . . . . . . . . . . . . Reprogrammed 4 | . . . . . . . . . . . . . 4 Reused 3 | . . . . . . . . . . . . . 3 Traps Extracted . | . . . . . . . . . . . . . . Installed . | . . . . . . . . . . . . . . Triggered 3 | . . . . . . . . . . . . . 3 Machines | -11 -10 -9 -8 -7 -7 -7 -6 -6 -6 -5 -5 -4 -4 ---------- Run | Scr Mat Mat Mat Fac Was Fac Fac Gar Fac Fac DSF Fac Ext Machines Disabled 7 | . 2 3 2 . . . . . . . . . . Max in Single Turn 2 | . 2 2 2 . . . . . . . . . . Machines Sabotaged . | . . . . . . . . . . . . . . Garrisons Compromised . | . . . . . . . . . . . . . . Overloaded Fab Kills . | . . . . . . . . . . . . . . Hacking | -11 -10 -9 -8 -7 -7 -7 -6 -6 -6 -5 -5 -4 -4 --------- Run | Scr Mat Mat Mat Fac Was Fac Fac Gar Fac Fac DSF Fac Ext Machines Accessed 27 | . 2 2 2 3 . 2 4 . 1 2 . 3 6 Terminals 23 | . 2 2 1 2 . 2 2 . 1 2 . 3 6 Fabricators 2 | . . . . 1 . . 1 . . . . . . Repair Stations 1 | . . . 1 . . . . . . . . . . Recycling Units . | . . . . . . . . . . . . . . Scanalyzers . | . . . . . . . . . . . . . . Garrison Access 1 | . . . . . . . 1 . . . . . . Total Hacks 72 | . 6 6 13 10 . 7 7 . 1 5 . 5 12 Successful 31 | . 4 2 7 4 . 3 3 . 1 2 . 2 3 Failed 41 | . 2 4 6 6 . 4 4 . . 3 . 3 9 Catastrophic 11 | . . . 2 . . 3 2 . . 1 . 1 2 Database Lockouts . | . . . . . . . . . . . . . . Manual 44 | . 5 6 11 5 . 6 2 . . 3 . 3 3 Terminals 62 | . 6 6 11 6 . 7 3 . 1 5 . 5 12 Fabricators 6 | . . . . 4 . . 2 . . . . . . Repair Stations 2 | . . . 2 . . . . . . . . . . Recycling Units . | . . . . . . . . . . . . . . Scanalyzers . | . . . . . . . . . . . . . . Garrison Access 2 | . . . . . . . 2 . . . . . . Terminal Hacks 20 | . 3 2 3 1 . 2 1 . 1 2 . 2 3 Prototype ID Bank 1 | . . . . . . . . . . . . 1 . Open Door 1 | . . . . . . . . . . . . . 1 Open DSF 5 | . . . . 1 . . 1 . 1 1 . 1 . Level Access Points 4 | . 1 1 1 . . 1 . . . . . . . Branch Access Points 1 | . . . . . . 1 . . . . . . . Reprogram Traps 2 | . . . 1 . . . . . . . . . 1 Zone Layout 6 | . 2 1 1 . . . . . . 1 . . 1 Fabricator Hacks 3 | . . . . 2 . . 1 . . . . . . Network Status 1 | . . . . 1 . . . . . . . . . Build 2 | . . . . 1 . . 1 . . . . . . Repair Station Hacks 2 | . . . 2 . . . . . . . . . . Scan Component 1 | . . . 1 . . . . . . . . . . Repair 1 | . . . 1 . . . . . . . . . . Recycling Unit Hacks . | . . . . . . . . . . . . . . Scanalyzer . | . . . . . . . . . . . . . . Garrison Access Hacks 1 | . . . . . . . 1 . . . . . . Unlock Access 1 | . . . . . . . 1 . . . . . . Unauthorized Hacks 5 | . 1 . 2 1 . 1 . . . . . . . Terminals 5 | . 1 . 2 1 . 1 . . . . . . . Assimilate 3 | . . . 1 1 . 1 . . . . . . . Detonate 2 | . 1 . 1 . . . . . . . . . . Fabricators . | . . . . . . . . . . . . . . Repair Stations . | . . . . . . . . . . . . . . Recycling Units . | . . . . . . . . . . . . . . Scanalyzers . | . . . . . . . . . . . . . . Garrison Access . | . . . . . . . . . . . . . . Data Cores Recovered 1 | . . . . . . . . . . . . . 1 Used 1 | . . . . . . . . . . . . . 1 Hacking Detections 17 | . 1 2 1 2 . 1 1 . . 1 . 2 6 Full Trace Events 3 | . . . . 1 . . . . . . . 1 1 Feedback Events . | . . . . . . . . . . . . . . Feedback Blocked . | . . . . . . . . . . . . . . Robot Schematics Acquired . | . . . . . . . . . . . . . . Robots Built . | . . . . . . . . . . . . . . Authchips . | . . . . . . . . . . . . . . Time 81 | . . . . . . . 81 . . . . . . Total Robot Build Rating . | . . . . . . . . . . . . . . Part Schematics Acquired . | . . . . . . . . . . . . . . Parts Built . | . . . . . . . . . . . . . . Authchips . | . . . . . . . . . . . . . . Time 95 | . . . . 95 . . . . . . . . . Total Part Build Rating . | . . . . . . . . . . . . . . Parts Repaired 1 | . . . 1 . . . . . . . . . . Time 26 | . . . 26 . . . . . . . . . . Parts Recycled . | . . . . . . . . . . . . . . Recycled Matter . | . . . . . . . . . . . . . . Retrieved Matter . | . . . . . . . . . . . . . . Retrieved Components . | . . . . . . . . . . . . . . Parts Scanalyzed . | . . . . . . . . . . . . . . Part Schematics Acquired . | . . . . . . . . . . . . . . Parts Damaged . | . . . . . . . . . . . . . . Bothacking | -11 -10 -9 -8 -7 -7 -7 -6 -6 -6 -5 -5 -4 -4 ------------ Run | Scr Mat Mat Mat Fac Was Fac Fac Gar Fac Fac DSF Fac Ext Used RIF Installer . | . . . . . . . . . . . . . . Robots Hacked . | . . . . . . . . . . . . . . Non-combat . | . . . . . . . . . . . . . . Combat . | . . . . . . . . . . . . . . Robot Hacks Applied . | . . . . . . . . . . . . . . Relay Couplers Released . | . . . . . . . . . . . . . . Fabnet Peak Effective % . | . . . . . . . . . . . . . . Robots Rewired . | . . . . . . . . . . . . . . Allies Hacked . | . . . . . . . . . . . . . . Hacks Repelled . | . . . . . . . . . . . . . . Allies | -11 -10 -9 -8 -7 -7 -7 -6 -6 -6 -5 -5 -4 -4 -------- Run | Scr Mat Mat Mat Fac Was Fac Fac Gar Fac Fac DSF Fac Ext Total Allies 1 | . . . . . . . . . . . . . 1 Largest Group 1 | . . . . . . . . . . . . . 1 Highest-Rated Group 38 | . . . . . . . . . . . . . 38 Highest-Rated Ally 38 | . . . . . . . . . . . . . 38 Total Orders . | . . . . . . . . . . . . . . Ally Attacks 5 | . . . . . . . . . . . . . 5 Total Damage 181 | . . . . . . . . . . . . . 181 Kills . | . . . . . . . . . . . . . . Allies Corrupted . | . . . . . . . . . . . . . . Allies Melted . | . . . . . . . . . . . . . . Intel | -11 -10 -9 -8 -7 -7 -7 -6 -6 -6 -5 -5 -4 -4 ------- Run | Scr Mat Mat Mat Fac Was Fac Fac Gar Fac Fac DSF Fac Ext Robot Analysis Total . | . . . . . . . . . . . . . . Derelict Logs Recovered . | . . . . . . . . . . . . . . Drone Launches . | . . . . . . . . . . . . . . Drone Recoveries . | . . . . . . . . . . . . . . Exploration | -11 -10 -9 -8 -7 -7 -7 -6 -6 -6 -5 -5 -4 -4 ------------- Run | Scr Mat Mat Mat Fac Was Fac Fac Gar Fac Fac DSF Fac Ext Turns Passed 2155 | 94 277 224 292 113 44 58 154 67 39 13 45 145 590 Spaces Moved 2238 | 55 141 121 152 217 88 112 245 80 78 22 81 215 631 Core 1814 | 5 . . 40 217 88 112 245 80 78 22 81 215 631 Treads 424 | 50 141 121 112 . . . . . . . . . . Legs . | . . . . . . . . . . . . . . Wheels . | . . . . . . . . . . . . . . Hover . | . . . . . . . . . . . . . . Flight . | . . . . . . . . . . . . . . Fastest Speed 50 | 50 160 160 50 50 50 50 50 50 50 50 50 50 50 Average Speed 80 | 150 160 160 133 50 50 50 50 50 50 50 50 50 82 Slowest Speed 200 | 160 160 160 200 50 50 50 100 50 50 50 50 50 200 Overloaded Moves . | . . . . . . . . . . . . . . Propulsion Burnouts . | . . . . . . . . . . . . . . Robots Hopped . | . . . . . . . . . . . . . . Cave-ins Triggered . | . . . . . . . . . . . . . . Exploration Rate (%) 27 | 4 46 23 29 6 78 6 7 28 4 1 87 10 53 Regions Visited 13 Branch Regions 1 Pre-discovered Areas . | . . . . . . . . . . . . . . Known Exits Taken 7 | . 1 1 1 . . 1 1 . 1 1 . . . Unknown Exits Taken 2 | 1 . . . . . . . . . . . 1 . Scrap Searched . | . . . . . . . . . . . . . . Spaces Dug . | . . . . . . . . . . . . . . Terrain Destroyed 223 | . 61 105 54 . . . . . . . . . 3 Melee . | . . . . . . . . . . . . . . Projectile 5 | . . . 2 . . . . . . . . . 3 AOE 218 | . 61 105 52 . . . . . . . . . . Terrain Rammed . | . . . . . . . . . . . . . . Walls Destroyed . | . . . . . . . . . . . . . . Machines Disabled . | . . . . . . . . . . . . . . Actions | -11 -10 -9 -8 -7 -7 -7 -6 -6 -6 -5 -5 -4 -4 --------- Run | Scr Mat Mat Mat Fac Was Fac Fac Gar Fac Fac DSF Fac Ext Total 2508 | 63 169 139 210 221 87 112 275 106 77 23 85 251 690 Wait 106 | . 3 . 24 . . . 10 . . . . 31 38 Move 2226 | 54 140 120 151 217 87 111 244 79 77 21 80 214 631 Hop . | . . . . . . . . . . . . . . Pick Up 29 | 2 6 4 2 4 . . 7 . . . 3 1 . Fast Attach 15 | 6 1 . 2 . . 1 2 . . . . 2 1 Attach 15 | . . . 9 . . . 2 . . 2 . . 2 Detach 1 | . . . . . . . . . . . . . 1 Swap 7 | . 5 . 2 . . . . . . . . . . Drop 18 | . 1 4 2 . . . 8 . . . 1 1 1 Fire 47 | . 13 6 16 . . . 2 . . . . . 10 Melee . | . . . . . . . . . . . . . . Ram 16 | . . . . . . . . 8 . . . 2 6 Kick . | . . . . . . . . . . . . . . Crush 8 | 1 . 5 2 . . . . . . . . . . Escape Stasis 19 | . . . . . . . . 19 . . . . . Rewire 1 | . . . . . . . . . . . 1 . . Trap . | . . . . . . . . . . . . . . Miscellaneous . | . . . . . . . . . . . . . . Route ------- -11/Scrapyard -10/Materials (discovered 3 exits: *Mat x3) -9/Materials (discovered 3 exits: *Mat x3) -8/Materials (discovered 3 exits: *Fac x3) -7/Factory -7/Waste -7/Factory (discovered 8 exits: *Fac x4 / Sto x2 / Low x2) -6/Factory -6/Garrison -6/Factory -5/Factory -5/DSF -4/Factory -4/Extension History --------- Turn | Location | Event 29 | -11/Scrapyard | Discovered new exit (range 16) 95 | -11/Scrapyard | Entered Materials 97 | -10/Materials | Identified exit to Materials 309 | -10/Materials | Build established: Mutant 372 | -10/Materials | Entered another Materials area 372 | -9/Materials | Evolved 2 slots: Utility x2 539 | -9/Materials | Identified exit to Materials 596 | -9/Materials | Entered another Materials area 596 | -8/Materials | Evolved 2 slots: Utility x2 638 | -8/Materials | Repaired Lgt. Treads 660 | -8/Materials | Identified exit to Factory 712 | -8/Materials | Garrison activated, responded to threat 788 | -8/Materials | Core integrity fell below 50% 817 | -8/Materials | Lost 8 parts (2p2n2u2w) 880 | -8/Materials | Core integrity fell below 20% 888 | -8/Materials | Entered Factory 888 | -7/Factory | Evolved 2 slots: Power x1, Propulsion x1 889 | -7/Factory | Build established: Hacker-Mutant 1001 | -7/Factory | Sucked down chute 1001 | -7/Factory | Entered Waste 1012 | -7/Waste | Spotted C-40 Crusher 1016 | -7/Waste | EMP discharged 1019 | -7/Waste | Spotted C-40 Crusher 1024 | -7/Waste | Spotted C-40 Crusher 1025 | -7/Waste | Spotted C-40 Crusher 1035 | -7/Waste | Spotted C-40 Crusher 1040 | -7/Waste | Discovered new exit (range 12) 1045 | -7/Waste | Identified exit to Factory 1045 | -7/Waste | Entered Factory 1048 | -7/Factory | Identified exit to Storage 1048 | -7/Factory | Identified exit to Lower Caves 1048 | -7/Factory | Identified exit to Factory 1103 | -7/Factory | Entered another Factory area 1103 | -6/Factory | Evolved 2 slots: Power x1, Weapon x1 1257 | -6/Factory | Identified exit to Garrison 1257 | -6/Factory | Entered Garrison 1264 | -6/Garrison | Triggered checkpoint 1300 | -6/Garrison | Triggered checkpoint 1303 | -6/Garrison | Core integrity fell below 50% 1314 | -6/Garrison | Lost 3 parts (3u) 1320 | -6/Garrison | Discovered new exit (range 10) 1324 | -6/Garrison | Identified exit to Factory 1324 | -6/Garrison | Entered Factory 1358 | -6/Factory | Discovered new exit (range 8) 1361 | -6/Factory | Identified exit to Factory 1363 | -6/Factory | Entered another Factory area 1363 | -5/Factory | Evolved 2 slots: Propulsion x1, Weapon x1 1376 | -5/Factory | Identified exit to DSF 1376 | -5/Factory | Entered DSF 1404 | -5/DSF | Additional patrols routed to DSF 1409 | -5/DSF | Core integrity fell below 50% 1414 | -5/DSF | Discovered new exit (range 16) 1421 | -5/DSF | Entered Factory 1421 | -4/Factory | Evolved 2 slots: Weapon x2 1485 | -4/Factory | Spotted B-86 Titan 1556 | -4/Factory | Discovered new exit (range 22) 1566 | -4/Factory | Entered Extension 1591 | -4/Extension | Rescued a captive Derelict 1732 | -4/Extension | Build established: Mutant 1980 | -4/Extension | Core integrity fell below 50% 2084 | -4/Extension | Core integrity fell below 20% 2147 | -4/Extension | Spotted B-86 Titan 2150 | -4/Extension | Spotted B-86 Titan 2156 | -4/Extension | Destroyed by B-86 Titan with Railgun Last Messages --------------- 02009_ Slammed into P-70 Sage. 02015_ Slug penetrates U-05 Engineer. 02017_ Penetrated by Slug. 02021_ Acquired Hardcell Cannon. 02026_ Destroyed Hpw. Shock Rifle. 02028_ Destroyed Welding Torch. 02031_ U-05 Engineer builds a Wall. 02034_ N,ER3J/SJHA:/PHYJWL5#=R 02034_ Hardcell Cannon destroyed. 02057_ Slammed into R-10 Processor. 02062_ System corrupted: Matter fused (-6). 02082_ System corrupted: Matter fused (-8). 02083_ Penetrated by Slug. 02091_ Slammed into U-05 Engineer. 02092_ Adv. Cryofiber Web destroyed. 02104_ System corrupted: Component data lost. 02113_ A-15 Conveyor enters Transfer Station. 02124_ System corrupted: Heat flow error (+113). 02152_ Penetrated by Slug. 02152_ Slug penetrates Wall. Map ----- +----------------------------------------------------+ | ????????????????####### #?????????????????????? | | ??????????????????????# #?????????????????????? | | ??????????????????????# #?????????????????????? | | ??????????????????????# #?????????????????????? | | ??????????????????????# #?????????????????????? | | ??????????????????????+ % #?????????????????????? | | ??????????????????????# #?????????????????????? | | ??????????????????????# #?????????????????????? | | ??????????????????????# #?????????????????????? | | ??????????????????????#### #?????????????????????? | | ?????????????????????????? #?????????????????????? | | ?????????????????????????? #?????????????????????? | | ?????????????????????????? #??##?##???#??????????? | | ???????????????????????### ### ## ###u##?????????? | | ???????????????????????#"" "" Y "" ""#????????? | | ???????????????????????# " "Y " " #????????? | | ???????????????????????# R #????????? | | ???????????????????????# #????????? | | ############"########### #####????? | | % ????? | | ????? | | t ???? | | u ???? | | BB R k ???? | | ######################## BB BB #????????? | | ???????????????????????# @ BB #????????? | | ???????????????????????# #????????? | | ???????????????????????#% R #????????? | | ???????????????????????# #????????? | | ???????????????????????######T#"""#######????????? | | ??????????????????????????????#??????????????????? | | ?????????????????????????????????????????????????? | | | | | | | | | | | | | | | | | | | | | | | | | | | | | | | | | | | | | +----------------------------------------------------+ Best States ------------- Heat Dissipation 59 Energy Generation 10 Energy Capacity 125 Matter Stores 300 Matter Capacity 300 Sight Range 22 Terrain Scan Density 10 Base Temperature (-) 200 Evasion (%) 50 Targeting Accuracy 8 Recoil Reduction 2 Defensive Hacking 40 Item Schematics ----------------- None Robot Schematics ------------------ None Fabricated ------------ Nothing Alien Tech Used ----------------- None Achievements -------------- None Challenges ------------ None Game ------ Seed FireMinesnifferCompactor Manual? 0 Play Time 00:29:46 Cumulative 27.0 hours Start 2022.07.15 @ 17:33:38 End 2022.07.15 @ 18:00:19 Sessions 1 Manual Loads 0 Difficulty Rogue Special Mode None Game No. 42 Rogue 42 Adventurer 0 Explorer 0 Win Type - Total 0 Types 0/0/0/0/0/0/0/0/0 Lore% 28 Gallery% 37 Achievement% 31 Wizard Run 0 Options --------- ASCII 0 Keyboard 0 Movement Numpad Keybinds 0 Fullscreen 0 Font 16/Terminus Map View 76x50 Tactical HUD 1 Map Filters NONE Filters NONE Steam X RUN: 53976636-48c3-41e3-8b51-7c61cb9a880d